 Dungeon Crawl Stone Soup version 0.30.1 (webtiles) character file.

Game seed: 2617734793981242433

29 Sabo the Chopper (level 3, -1/27 HPs)
             Began as a Demonspawn Gladiator on July 12, 2023.
             Slain by a cerulean imp
             ... wielding a +2 spear
             ... summoned by Natasha
              (5 damage)
             ... on level 2 of the Dungeon.
             The game lasted 00:05:31 (938 turns).

Sabo the Chopper (Demonspawn Gladiator)              Turns: 938, Time: 00:05:33

Health: -1/27      AC:  4    Str: 16    XL:     3   Next: 1%
Magic:  3/3        EV: 12    Int:  9    God:
Gold:   77         SH:  4    Dex: 14    Spells: 2/2 levels left

rFire   . . .        a - +0 war axe
rCold   . . .        (no shield)
rNeg    . . .        b - +0 leather armour
rPois   .            c - +0 helmet
rElec   .            (no cloak)
rCorr   .            (no gloves)
SInv    .            (no boots)
Will    .....        (no amulet)
Stlth   +            (no ring)
HPRegen 0.24/turn    (no ring)
MPRegen 0.08/turn

%: no passive effects
@: no status effects
A: powered by pain 1, condensation shield
a: no special abilities


You were on level 2 of the Dungeon.
You visited 1 branch of the dungeon, and saw 2 of its levels.

You collected 77 gold pieces.

Inventory:

Hand Weapons
 a - a +0 war axe (weapon)
Missiles
 d - 3 throwing nets
 e - a javelin (quivered)
 h - 3 boomerangs
 p - 5 poisoned darts
Armour
 b - a +0 leather armour (worn)
 c - a +0 helmet (worn)
Jewellery
 i - a ring of wizardry
Scrolls
 f - a scroll of enchant weapon {unknown}
 j - a scroll of noise {unknown}
 l - a scroll of teleportation {unknown}
 n - a scroll of immolation {unknown}
 o - a scroll of identify {unknown}
Potions
 g - a potion of resistance {unknown}
 k - a potion of heal wounds {unknown}
 m - a potion of lignification {unknown}


   Skills:
 + Level 2.1 Fighting
 + Level 3.2 Axes
 + Level 1.7 Throwing
 + Level 0.7 Armour
 + Level 3.0 Dodging


You had 2 spell levels left.
You didn't know any spells.
Your spell library was empty.

Dungeon Overview and Level Annotations

Branches:
Dungeon (2/15)

Altars:

Annotations:
D:2 Natasha


Innate Abilities, Weirdness & Mutations

You sometimes gain a little power by taking damage.
A meltable shield of frost defends you. (SH +4)


Message History

You kill the ball python!
You have reached level 3!
Your experience leads to an increase in your attributes!
Increase (S)trength, (I)ntelligence, or (D)exterity?
You feel stronger. x2; Your demonic ancestry asserts itself...
Frost condenses into a shield before you.
You now have 77 gold pieces (gained 17).
Found an inky potion.
Natasha, Servant of Life and Death comes into view.
Natasha hisses angrily.
Natasha stares at you and mumbles some strange words.
The magic dart hits you.
Natasha stares at you and mumbles some strange words.
You resist with significant effort.
You barely miss Natasha. Natasha claws you but does no damage.
You barely miss Natasha.
Natasha casts a spell.
Natasha misses you.
You hit Natasha but do no damage.
Natasha casts a spell.
The cerulean imp hits you from afar with a +2 spear.
You barely miss Natasha. You hit the cerulean imp. Natasha barely misses you.
The cerulean imp hits you from afar with a +2 spear.
The cerulean imp hits you with a +2 spear.
You hit Natasha.
Natasha is moderately wounded.
You hit the cerulean imp but do no damage.
Natasha stares at you and mumbles some strange words.
The magic dart hits you!
* * * LOW HITPOINT WARNING * * *
The cerulean imp hits you but does no damage.
You block the cerulean imp's attack. Natasha barely misses you.
You block the cerulean imp's attack.
You closely miss Natasha.
Natasha is moderately wounded.
You closely miss the cerulean imp. The cerulean imp barely misses you.
Natasha claws you.
* * * LOW HITPOINT WARNING * * *
The cerulean imp hits you from afar with a +2 spear.
You die...

# #####.#
#.....#
#.######.#####
#.#...##.#
#.#.#.##.# #
#.#.#.##.#
#.##.#5#.##.#
#....#h#.##.#
#.#.....@...#.#
.....!.5......#
####.....######
#......#
###.#...
#.##### #. #


You could see Natasha and 2 cerulean imps.

Vanquished Creatures
  2 dart slugs (D:1)
  2 giant cockroaches (D:1)
  4 goblins (D:1)
  3 hobgoblins (D:1)
  A quokka (D:1)
  3 ball pythons
  4 bats (D:1)
  2 frilled lizards (D:1)
  3 rats (D:1)
24 creatures vanquished.

Notes
Turn   | Place    | Note
-------+----------+-------------------------------------------
     0 | D:1      | Sabo the Demonspawn Gladiator began the quest for the Orb.
     0 | D:1      | Reached XP level 1. HP: 16/16 MP: 1/1
   143 | D:1      | Gained mutation: You sometimes gain a little power by
                  | taking damage. [demonic ancestry]
   143 | D:1      | Reached XP level 2. HP: 21/22 MP: 2/2
   886 | D:2      | Gained mutation: A meltable shield of frost defends you.
                  | (SH +4) [demonic ancestry]
   886 | D:2      | Reached XP level 3. HP: 27/27 MP: 3/3
   928 | D:2      | Noticed Natasha
   938 | D:2      | Slain by a cerulean imp

Illustrated notes

Levels and vault maps discovered:
D:1:      reono_arrival_mine, layout_loops_ring
D:2:      layout_basic, basic_altar, shapermc_ecumenical_altar_starsandcircs,
          grunt_ministairs_15, uniq_natasha

Skill      XL: |  1  2 |
---------------+-------+-----
Axes           | 3 |  3.2
Dodging        | 3 |  3.0
Fighting       | |  2.1
Throwing       | |  1.7
Armour         | |  0.7

Action                     || total
---------------------------++-------
  Melee: War axe           ||    63
 Armour: Leather armour    ||    29
  Dodge: Dodged            ||    57
  Block: Other             ||     2
